 Dungeon Crawl Stone Soup version 0.28.0-43-g3370ac3207 (webtiles) character file.

Game seed: 14110607910281148241

5038 smarlow the Destroyer (level 10, -1/63 HPs)
             Began as an Octopode Conjurer on Mar 6, 2022.
             Was a Priest of Vehumet.
             Slain by a cane toad (15 damage)
             ... on level 1 of the Lair of Beasts.
             The game lasted 00:48:14 (13618 turns).

smarlow the Destroyer (Octopode Conjurer)          Turns: 13618, Time: 00:48:16

Health: -1/63      AC:  1    Str:  8    XL:     10   Next: 55%
Magic:  22/22      EV: 14    Int: 28    God:    Vehumet [***...]
Gold:   572        SH:  5    Dex: 10    Spells: 4/26 levels left

rFire   . . .      SeeInvis .   u - +7 triple sword "Ogreslayer" {drain, rElec Int+4}
rCold   . . .      Faith    .   (shield currently unavailable)
rNeg    . . .      Spirit   .   (helmet restricted)
rPois   .          Reflect  +   k - amulet of reflection
rElec   +          Harm     .   h - ring of resist corrosion
rCorr   +          Rampage  .   y - ring of wizardry
Will    .....                   (no ring)
Stlth   ++++......              (no ring)
HPRegen 0.20/turn               (no ring)
MPRegen 0.18/turn               (no ring)
                                (no ring)
                                (no ring)

@: lethally poisoned (-1 -> -20), very slightly contaminated
A: almost no armour, amphibious, 8 rings, camouflage 1, gelatinous body 1,
(nimble swimmer 1), tentacles
a: Renounce Religion


You were on level 1 of the Lair of Beasts.
You worshipped Vehumet.
Vehumet was most pleased with you.
You visited 2 branches of the dungeon, and saw 10 of its levels.

You collected 572 gold pieces.

Inventory:

Hand Weapons
 o - a +4 short sword of flaming
 u - the +7 triple sword "Ogreslayer" (weapon) {drain, rElec Int+4}
   (You found it on level 6 of the Dungeon)

   A truly terrible weapon, it drains the life of any living foe it strikes.
   Int:       It affects your intelligence (+4).
   rElec:     It insulates you from electricity.
Missiles
 w - 96 stones
Armour
 s - a +0 kite shield
Jewellery
 h - a ring of resist corrosion (left tentacle)
 k - an amulet of reflection (around mantle)
 y - a ring of wizardry (right tentacle)
Scrolls
 a - 2 scrolls of amnesia
 b - a scroll of noise
 g - 2 scrolls of silence
 l - a scroll of blinking
 m - 6 scrolls of teleportation
 p - a scroll of fear {unknown}
 q - a scroll of brand weapon {unknown}
 t - a scroll of torment {unknown}
 x - 2 scrolls of enchant weapon
Potions
 c - 3 potions of flight
 d - a potion of brilliance {unknown}
 f - 7 potions of curing {unknown}
 j - a potion of mutation {unknown}
 n - 2 potions of might
 r - 2 potions of haste {unknown}
 v - a potion of berserk rage {unknown}
 z - a potion of heal wounds {unknown}


   Skills:
 + Level 4.0 Fighting
 + Level 4.6 Dodging
 + Level 6.4 Stealth
 + Level 0.4 Shields
 * Level 8.6 Spellcasting
 + Level 9.8 Conjurations
 + Level 0.8 Transmutations
 + Level 3.8 Earth Magic


You had 4 spell levels left.
You knew the following spells:

 Your Spells              Type           Power      Damage    Failure   Level
a - Magic Dart            Conj           100%       1d8       1%          1
b - Searing Ray           Conj           100%       2d8       1%          2
c - Fulminant Prism       Conj/Hex       19%        3d11      1%          4
d - Iskenderun's Mystic   Conj/Tloc      39%        2d9       1%          4
e - Stone Arrow           Conj/Erth      100%       3d13      1%          3
f - Sandblast             Erth           66%        2d15      1%          1
g - Ignite Poison         Fire/Tmut/Pois 13%        N/A       1%          3
h - Flame Wave            Conj/Fire      39%        2d9       1%          4

Your spell library contained the following spells:

 Spells                   Type           Power      Damage    Failure   Level
 Beastly Appendage        Tmut           32%        N/A       1%          1
 Wereblood                Tmut           16%        N/A       1%          2
 Dazzling Flash           Conj/Hex       78%        N/A       1%          3
 Spider Form              Tmut/Pois      14%        N/A       4%          3
 Portal Projectile        Hex/Tloc       24%        N/A       6%          3
 Starburst                Conj/Fire      19%        6d7       11%         6
 Blade Hands              Tmut           8%         N/A       34%         5
 Excruciating Wounds      Necr           6%         N/A       45%         5
 Lehudib's Crystal Spear  Conj/Erth      25%        10d7      80%         8
 Animate Armour           Summ/Erth      Unusable   N/A       N/A         4

Dungeon Overview and Level Annotations

Branches:
Dungeon (9/15)             Temple (0/1) D:4            Lair (1/6) D:8
    Orc: D:9-12

Altars:
Gozag
Hepliaklqana
Kikubaaqudgha
Nemelex Xobeh
Trog
Vehumet
Wu Jian
Yredelemnul
Zin


Innate Abilities, Weirdness & Mutations

You cannot wear most types of armour.
You are amphibious.
You can wear up to eight rings at the same time.
Your skin changes colour to match your surroundings (Stealth+).
Your rubbery body absorbs attacks. (AC +1, EV +1)
((You are camouflaged when in or above water. (Stealth+)))
You have tentacles for arms and can constrict up to eight enemies at once.


Message History

Confirm with . or Enter, or press ? or * to list all spells.
You erupt in a blast of force!
The mystic blast hits the black mamba!
The black mamba is heavily wounded.
The black mamba is knocked back by the mystic blast.
The mystic blast hits the cane toad.
The cane toad is heavily wounded.
The cane toad is knocked back by the mystic blast.
The mystic blast hits the water moccasin!
The water moccasin is almost dead.
The water moccasin is knocked back by the mystic blast.
You feel sick.
Casting: Iskenderun's Mystic Blast (dangerous; 1% risk of failure)
Confirm with . or Enter, or press ? or * to list all spells.
Okay, then.
Aiming: Stone Arrow (safe; 1% risk of failure)
Press: ? - help, Q - select action, (/) - cycle Shift-Dir - straight line, f - black mamba
Aim: a black mamba (heavily wounded, 63% to hit)
The stone arrow hits the black mamba!
The black mamba is severely wounded.
You feel sick.
You are no longer poisoned.
Casting: Stone Arrow (safe; 1% risk of failure)
Confirm with . or Enter, or press ? or * to list all spells.
You miscast Iskenderun's Mystic Blast.
You are very lightly contaminated with residual magic.
Nothing appears to happen.
The black mamba barely misses you. The water moccasin barely misses you.
The cane toad barely misses you. The black mamba bites you!
You are poisoned.
The black mamba poisons you! The water moccasin bites you.
Casting: Iskenderun's Mystic Blast (dangerous; 1% risk of failure)
Confirm with . or Enter, or press ? or * to list all spells.
You don't have enough magic to cast this spell.
Magic courses through your body.
* * * LOW HITPOINT WARNING * * *
You feel very sick. The black mamba bites you.
* * * LOW HITPOINT WARNING * * *
The cane toad stings you!
You die...

##* **#
*******######.######.#######***
*,,,,,,.....................,,,
*,,,,,,.....................,,,
*,,,,,*###.................,,,,
**,,*,,,.........#.....#...,,,**
*,,,*,,,,,,#..F@.#......#,,,,,*,
**,,*,,,,,,#†F.SS#...S..#,,,,,*,
*,,*,,,,,,#............#,,,,,*,
*,,*,,,.........#............+,
*,,*,,,...+.....#............*,
*^,*,,,..,#.....#......P.....,,
*,,,,,,.,,#.....#......#.....,*
**,,,*,**,*#........####......,,
*,,,,,,,,,...........,,,......,,


You could see a black mamba, 2 cane toads and a water moccasin.

Vanquished Creatures
  A centaur warrior (D:8)
  A troll (D:6)
  Grinder (D:6)
  Menkaure (D:4)
  2 steam dragons
  2 water moccasins (Lair:1)
  A sky beast (D:7)
  2 black bears (D:4)
  A hornet zombie (D:5)
  2 orc warriors
  2 ogres
  A centaur (D:7)
  A phantom (D:5)
  2 kobold brigands
  5 bullfrogs
  4 scorpions
  2 gnoll sergeants
  2 wyvern zombies
  A water moccasin zombie (D:6)
  A wyvern skeleton (D:7)
  8 wights
  A bullfrog zombie (D:5)
  2 centaur zombies (D:5)
  2 hounds
  5 orc priests
  2 jellies
  Crazy Yiuf (D:4)
  A bullfrog skeleton (D:6)
  Terence (D:2)
  6 orc wizards
  Natasha (thrice) (D:3)
  3 hell rats (D:8)
  A killer bee zombie (D:8)
  2 hound zombies (D:5)
  2 howler monkey zombies (D:8)
  13 gnolls
  9 adders
  8 river rats (D:8)
  A white imp (D:5)
  3 adder zombies (D:5)
  An adder skeleton (D:4)
  A worm (D:5)
  2 dart slugs (D:3)
  25 orcs
  6 ball pythons
  6 bats
  2 endoplasms
  A giant cockroach (D:1)
  4 goblins
  6 hobgoblins
  7 jackals
  17 kobolds
  7 quokkas
  4 frilled lizards (D:1)
  25 rats
  2 rat zombies (D:6)
225 creatures vanquished.

Vanquished Creatures (others)
  24 fulminant prisms
  6 fungi
  A plant (Lair:1)
31 creatures vanquished.

Grand Total: 256 creatures vanquished

Notes
Turn   | Place    | Note
-------+----------+-------------------------------------------
     0 | D:1      | smarlow the Octopode Conjurer began the quest for the Orb.
     0 | D:1      | Reached XP level 1. HP: 11/11 MP: 3/3
   384 | D:1      | Reached XP level 2. HP: 17/17 MP: 3/5
  1097 | D:2      | Found a faded altar of an unknown god.
  1102 | D:2      | Reached XP level 3. HP: 20/21 MP: 1/6
  1916 | D:2      | Learned a level 2 spell: Searing Ray
  1954 | D:2      | Noticed Terence
  2060 | D:2      | Found an opulent altar of Gozag.
  2071 | D:2      | Killed Terence
  2072 | D:2      | Reached XP level 4. HP: 27/27 MP: 1/8
  2590 | D:3      | Learned a level 4 spell: Fulminant Prism
  2629 | D:3      | Found a radiant altar of Vehumet.
  2685 | D:3      | Became a worshipper of Vehumet
  2759 | D:3      | Reached skill level 5 in Conjurations
  2904 | D:3      | Reached XP level 5. HP: 31/31 MP: 2/10
  2909 | D:3      | Learned a level 4 spell: Iskenderun's Mystic Blast
  3419 | D:3      | Noticed Natasha
  3467 | D:3      | Killed Natasha
  3553 | D:3      | Noticed Natasha
  3697 | D:3      | Killed Natasha
  3902 | D:3      | Noticed Natasha
  3908 | D:3      | Killed Natasha
  3909 | D:3      | Reached XP level 6. HP: 36/36 MP: 6/12
  4008 | D:4      | Noticed a black bear
  4166 | D:4      | Noticed an orc warrior
  4372 | D:4      | Reached skill level 6 in Conjurations
  4424 | D:4      | Found a bloodstained altar of Trog.
  4424 | D:4      | Noticed a black bear
  4503 | D:4      | Found a staircase to the Ecumenical Temple.
  5049 | D:4      | Learned a level 3 spell: Stone Arrow
  5055 | D:4      | Killed a black bear
  5056 | D:4      | Reached skill level 5 in Spellcasting
  5056 | D:4      | Reached XP level 7. HP: 41/41 MP: 5/14
  5350 | D:4      | Noticed Menkaure
  5373 | D:4      | Killed Menkaure
  5374 | D:4      | Reached skill level 7 in Conjurations
  5568 | D:4      | Found a runed translucent door.
  5569 | D:4      | Noticed Crazy Yiuf
  5574 | D:4      | Killed Crazy Yiuf
  5651 | D:5      | Entered Level 5 of the Dungeon
  5741 | D:5      | Found a basalt altar of Yredelemnul.
  5905 | D:5      | Reached XP level 8. HP: 25/46 MP: 6/17
  6282 | D:5      | Found a hazy altar of Hepliaklqana.
  6736 | D:5      | Reached skill level 8 in Conjurations
  7323 | D:5      | Noticed an angel
  7324 | D:5      | Found a glowing silver altar of Zin.
  7377 | D:6      | Identified the +7 triple sword "Ogreslayer" {drain, rElec
                  | Int+4}
  7718 | D:6      | Reached XP level 9. HP: 51/51 MP: 14/20
  7894 | D:6      | Reached * piety under Vehumet
  7894 | D:6      | Offered knowledge of Sandblast by Vehumet.
  7940 | D:6      | Learned a level 1 spell: Sandblast
  8002 | D:6      | Noticed a troll
  8007 | D:6      | Killed a troll
  8008 | D:6      | Reached skill level 1 in Fighting
  8008 | D:6      | Reached skill level 9 in Conjurations
  8241 | D:6      | Found an ancient bone altar of Kikubaaqudgha.
  8333 | D:6      | Noticed Grinder
  8342 | D:6      | Killed Grinder
  8343 | D:6      | Reached skill level 1 in Earth Magic
  9942 | D:8      | Reached skill level 5 in Stealth
 10159 | D:8      | Found an ornate altar of the Wu Jian Council.
 10446 | D:8      | Reached XP level 10. HP: 63/63 MP: 1/22
 10575 | D:8      | Reached ** piety under Vehumet
 10575 | D:8      | Offered knowledge of Scorch by Vehumet.
 10807 | D:8      | Noticed a centaur warrior
 10814 | D:8      | Killed a centaur warrior
 11491 | D:8      | Found a staircase to the Lair.
 11836 | D:8      | Offered knowledge of Ignite Poison by Vehumet.
 11847 | D:8      | Reached *** piety under Vehumet
 12212 | D:8      | Learned a level 3 spell: Ignite Poison
 12359 | D:8      | Found a sparkling altar of Nemelex Xobeh.
 12532 | D:9      | Offered knowledge of Flame Wave by Vehumet.
 12538 | D:9      | Learned a level 4 spell: Flame Wave
 12574 | D:9      | Noticed a death knight
 13318 | Lair:1   | Entered Level 1 of the Lair of Beasts
 13601 | Lair:1   | Noticed a black mamba
 13607 | Lair:1   | Noticed a cane toad
 13614 | Lair:1   | Noticed a cane toad
 13618 | Lair:1   | Slain by a cane toad

Illustrated notes

Levels and vault maps discovered:
D:1:      scummos_arrival_hexagon, layout_basic
D:2:      layout_basic, nicolae_ecumenical_pavilion, basic_altar,
          minmay_crystal_room, uniq_terence
D:3:      layout_rooms, mainiacjoe_overflow_alcove_2, st_stairs_7, uniq_natasha
D:4:      layout_basic, trog_ov_bears_minmay, minmay_temple_entry_mini_moons,
          uniq_menkaure, uniq_crazy_yiuf_cottage
D:5:      layout_cave_pods, mainiacjoe_overflow_alcove_1,
          nicolae_yredelemnul_corpse_copse, zin_angel
D:6:      layout_rooms, lemuel_zombie_altar_kikubaaqudgha, minmay_circle_x,
          uniq_grinder
D:7:      wad_pebble_path, layout_loops_ring, grunt_ministairs_11
D:8:      lemuel_ratsnest, layout_loops_corners,
          nemelex_xobeh_ov_fountains_minmay, mainiacjoe_overflow_brackets,
          lair_entry_dummy
D:9:      layout_rooms, nicolae_uskayaw_murder_on_the_dancefloor,
          marbit_many_paths, minmay_misc_feat_chi
Lair:1:   layout_regular_city, nicolae_volcano_entry_two_sided, pond

Skill      XL: |  1  2  3  4  5  6  7  8  9 10 |
---------------+-------------------------------+-----
Spellcasting   | 3 4 5 6 7 8 |  8.6
Conjurations   | 5 6 7 8 9 |  9.8
Stealth        | 5 6 |  6.4
Fighting       | 3 4 |  4.0
Earth Magic    | 2 3 |  3.8
Dodging        | 3 4 |  4.6
Shields        | |  0.4
Transmutations | |  0.8

Action                   |  1- 3 |  4- 6 |  7- 9 | 10-12 || total
-------------------------+-------+-------+-------+-------++-------
Melee: Dagger            |     4 |       |       |       ||     4
       Constrict         |     1 |       |     6 |     6 ||    13
       Triple sword      |       |       |    18 |    17 ||    35
       Tentacles         |       |       |     8 |     3 ||    11
       Punch             |       |       |     1 |       ||     1
 Cast: Magic Dart        |    71 |   105 |    54 |    12 ||   242
       Searing Ray       |     1 |    10 |     3 |       ||    14
       Iskenderun's Myst |       |     3 |     7 |    10 ||    20
       Stone Arrow       |       |     2 |    86 |    52 ||   140
       Fulminant Prism   |       |       |     9 |    15 ||    24
  Use: Scroll            |       |     8 |     2 |     4 ||    14
       Potion            |       |       |       |     2 ||     2
 Stab: Sleeping          |       |       |     1 |     1 ||     2
Armor: Skin              |     1 |     1 |     1 |     2 ||     5
Dodge: Dodged            |    20 |     7 |    28 |    30 ||    85
Block: Other             |       |       |    14 |    12 ||    26
       Reflection        |       |       |       |     2 ||     2
